 Dungeon Crawl Stone Soup version 0.31-a0-358-gac0dbeb3ab (webtiles) character file.

Game seed: 13610728400879778603

248447 dinky3 the Imperceptible (level 18, -5/112 HPs)
             Began as a Vampire Enchanter on July 25, 2023.
             Was a High Priest of Wu Jian.
             Slain by an Orb Guardian (21 damage)
             ... on level 5 of the Realm of Zot on July 29, 2023.
             The game lasted 02:41:29 (15994 turns).

dinky3 the Imperceptible (Vampire Enchanter)       Turns: 15994, Time: 02:41:30

Health: -5/112     AC: 17    Str:  7 (9)  XL:     18   Next: 36%
Magic:  27/27      EV: 29    Int: 22      God:    Wu Jian [*****.]
Gold:   2699       SH:  6    Dex: 20 (21) Spells: 9/35 levels left

rFire   + . .        I - +7 Spriggan's Knife {stab, EV+4 Stlth+}
rCold   + + .        M - +0 buckler
rNeg    + + +        S - +4 troll leather armour
rPois   ∞            j - +2 hat
rElec   +            W - scarf {shadows}
rCorr   .            E - +1 pair of gloves
SInv    +            f - +2 pair of boots
Will    +....        c - amulet "Meirhoj" {rElec Regen+ Int+3}
Stlth   ++++         J - ring of Kaolofok {Contam Fly EV+5 Str+2}
HPRegen 0.00/turn    s - ring of protection from fire
MPRegen 0.20/turn

%: clarity
@: exhausted, about to teleport, flying, bloodless, inhibited regen, studying
Armour
A: bloodless, fangs 3, see invisible, vampiric 2, iridescent scales 1, clarity,
deterioration 1, low MP 1, devolution 2
0: Orb of Zot
}: 3/15 runes: decaying, serpentine, abyssal
a: Bat Form, Revivify, Renounce Religion, Wall Jump, Serpent's Lash, Heavenly
Storm


You were on level 5 of the Realm of Zot.
You worshipped Wu Jian.
Wu Jian was extremely pleased with you.
You visited 8 branches of the dungeon, and saw 40 of its levels.
You visited the Abyss 1 time.
You also visited: Sewer, Ossuary and Bailey.

You collected 4043 gold pieces.
You spent 1344 gold pieces at shops.

Inventory:

Hand Weapons
 a - a +2 dagger of draining
 b - a +3 short sword of electrocution
 I - the +7 Spriggan's Knife (weapon) {stab, EV+4 Stlth+}
   (You acquired it on level 3 of the Realm of Zot)

   Stab:      It is more effective when stabbing unaware enemies, sometimes
   treating them as though they were completely helpless.
   EV:        It affects your evasion (+4).
   Stlth:     It makes you more stealthy.
 T - the +4 short sword "Itedd" {freeze, Drain rElec Dex+5}
   (You bought it in a shop on level 2 of the Orcish Mines)

   Dex:       It affects your dexterity (+5).
   rElec:     It insulates you from electricity.
   Drain:     It drains your maximum health when unequipped.
Missiles
 u - 2 curare-tipped darts
 P - a throwing net
Armour
 f - a +2 pair of boots (worn)
 j - a +2 hat (worn)
 E - a +1 pair of gloves (worn)
 M - a +0 buckler (worn)
 S - a +4 troll leather armour (worn)
 U - an orb of mayhem
 W - a scarf of shadows (worn)
 Y - +0 acid dragon scales
Jewellery
 c - the amulet "Meirhoj" (around neck) {rElec Regen+ Int+3}
   (You found it on level 8 of the Dungeon)

   [amulet of regeneration]

   Int:       It affects your intelligence (+3).
   rElec:     It insulates you from electricity.
   Regen:     It increases your rate of health regeneration.
 h - the ring of Zoostryo {rPois rC+ Will+ rCorr}
   (You found it on level 13 of the Dungeon)

   [ring of willpower]

   rC:        It protects you from cold.
   rPois:     It protects you from poison.
   rCorr:     It protects you from acid and corrosion.
   Will:      It increases your willpower.
 s - a ring of protection from fire (right hand)
 y - a ring of magical power
 A - the amulet of Efrio {Acrobat Int+4}
   (You found it on level 5 of the Dungeon)

   [amulet of the acrobat]

   It increases your evasion while moving and waiting.
   Int:       It affects your intelligence (+4).
 J - the ring of Kaolofok (left hand) {Contam Fly EV+5 Str+2}
   (You found it on level 8 of the Dungeon)

   [ring of evasion]

   EV:        It affects your evasion (+5).
   Str:       It affects your strength (+2).
   Fly:       It grants you flight.
   Contam:    It causes magical contamination when unequipped.
 L - the ring of Aclaxt {rF- rN+ EV+5 Int+3}
   (You found it on level 8 of the Dungeon)

   [ring of evasion]

   EV:        It affects your evasion (+5).
   Int:       It affects your intelligence (+3).
   rF:        It makes you vulnerable to fire.
   rN:        It protects you from negative energy.
Wands
 g - a wand of mindburst (45)
 k - a wand of polymorph (18)
 p - a wand of flame (40)
 w - a wand of iceblast (6)
 z - a wand of paralysis (4)
Scrolls
 m - 4 scrolls of fog
 o - 2 scrolls of poison
 q - 5 scrolls of amnesia
 t - 8 scrolls of fear
 x - 7 scrolls of identify
 C - a scroll of silence
 G - 3 scrolls of vulnerability
 Q - a scroll of torment
 R - 2 scrolls of immolation
Potions
 i - 2 potions of enlightenment
 B - a potion of magic
 D - 7 potions of attraction
 F - 4 potions of brilliance
 H - 5 potions of lignification
 K - 3 potions of curing
 O - a potion of mutation
 V - a potion of might
 X - a potion of invisibility
Miscellaneous
 Z - a phantom mirror (inert)


   Skills:
 - Level 12.0 Fighting
 - Level 12.0 Short Blades
 - Level 13.5 Dodging
 + Level 24.2 Stealth
 - Level 5.0 Shields
 - Level 9.0 Spellcasting
 - Level 4.0 Conjurations
 + Level 20.2 Hexes
 - Level 5.0 Translocations
 - Level 8.0 Transmutations
 - Level 6.0 Ice Magic
 - Level 6.0 Earth Magic


You had 9 spell levels left.
You knew the following spells:

 Your Spells              Type           Power      Damage    Failure   Level
a - Confusing Touch       Hex            78%        N/A       0%          3
b - Ensorcelled Hibernat  Hex/Ice        100%       N/A       1%          2
c - Tukima's Dance        Hex            78%        N/A       0%          3
d - Dazzling Flash        Conj/Hex       100%       N/A       1%          3
e - Enfeeble              Hex            39%        N/A       3%          7
f - Yara's Violent Unrav  Hex/Tmut       32%        3d13      1%          5
A - Apportation           Tloc           62%        N/A       1%          1
P - Passwall              Tmut/Erth      33%        N/A       1%          2

Your spell library contained the following spells:

 Spells                   Type           Power      Damage    Failure   Level
 Wereblood                Tmut           45%        N/A       1%          2
 Inner Flame              Hex/Fire       53%        N/A       1%          3
 Portal Projectile        Hex/Tloc       100%       N/A       1%          3
 Leda's Liquefaction      Hex/Erth       30%        N/A       1%          4
 Gell's Gravitas          Tloc           31%        N/A       6%          3
 Teleport Other           Tloc           31%        N/A       6%          3
 Static Discharge         Conj/Air       36%        2-4/arc   10%         2
 Necrotise                Necr           36%        1d5       16%         1
 Summon Small Mammal      Summ           36%        N/A       16%         1
 Sublimation of Blood     Necr           9%         N/A       22%         2
 Call Canine Familiar     Summ           9%         N/A       41%         3
 Swiftness                Air            9%         N/A       41%         3
 Vampiric Draining        Necr           9%         2d6       41%         3
 Summon Ice Beast         Ice/Summ       23%        N/A       41%         4
 Alistair's Intoxication  Tmut/Pois      18%        N/A       63%         5
 Airstrike                Air            4%         2d(1-17)  83%         4
 Summon Lightning Spire   Summ/Air       9%         N/A       83%         4
 Dispersal                Tloc           15%        N/A       96%         6
 Agony                    Necr           9%         N/A       99%         5
 Summon Hydra             Summ           4%         N/A       100%        7


Dungeon Overview and Level Annotations

Branches:
Dungeon (15/15)            Temple (1/1) D:7            Lair (5/5) D:9
  Swamp (4/4) Lair:2        Snake (4/4) Lair:3        Slime (0/5) Lair:4
    Orc (2/2) D:9             Elf (0/3) Orc:2        Vaults (0/5) D:14
 Depths (4/4) D:15            Zot (5/5) Depths:4      Sewer (visited)
Ossuary (visited)          Bailey (visited)

Altars:
Ashenzari
Cheibriados
Fedhas
Hepliaklqana
Kikubaaqudgha
Makhleb
Nemelex Xobeh
Okawaru
Qazlal
Ru
Trog
Uskayaw
Wu Jian
Xom
Yredelemnul
Jiyva

Shops:
Orc:1 *   Orc:2 **(?[   Depths:3 :

Portals:
Hell: Depths:4
Abyss: Depths:3
Trove: D:10 (give 3 potions of resistance)

Annotations:
D:13 exclusion: downstairs
D:14 exclusions: 5 vault guards and 3 more exclusions
D:15 exclusion: upstairs
Lair:3 Etuanuguth's ghost, journeyman MeEE
Lair:4 exclusion: upstairs
Lair:5 Josephine
Snake:3 exclusion: downstairs
Depths:2 exclusions: 2 tengu reavers and 1 more exclusion, Sojobo
Depths:3 2 transporters, exclusion: downstairs
Depths:4 6 exclusions
Zot:4 6 exclusions
Zot:5 exclusions: obsidian statue and 1 more exclusion


Innate Abilities, Weirdness & Mutations

You do not regenerate when monsters are visible.
You are frail without blood (-20% HP).
You can heal yourself when you bite living creatures.
You are immune to poison.
You have razor-sharp teeth.
You have supernaturally acute eyesight. (SInv)
You are afflicted with vampirism and can become a bat while bloodless.
You are partially covered in iridescent scales. (AC +2)
You possess an exceptional clarity of mind.
Your body sometimes deteriorates upon taking damage.
Your magical capacity is low. (-10% MP)
You have terrible hidden genetic defects.


Message History

You spin and attack the Orb Guardian repeatedly, with incredible momentum.
You puncture the Orb Guardian!
The Orb Guardian is lightly wounded.
You puncture the Orb Guardian!
The Orb Guardian is lightly wounded.
Your supernatural speed expires.
The Orb Guardian closely misses you.
The dread lich gestures wildly while chanting.
An Orb Guardian comes into view.
You spin and attack the Orb Guardian repeatedly.
You barely miss the Orb Guardian. You hit the Orb Guardian.
You bite the Orb Guardian, but do no damage.
The Orb Guardian is lightly wounded.
The Orb Guardian misses you. The Orb Guardian hits you!
Found the Orb of Zot.
You spin and attack the Orb Guardian.
You hit the Orb Guardian. Your bite misses the Orb Guardian.
The Orb Guardian is lightly wounded.
The Orb Guardian hits you but does no damage.
The Orb Guardian enters a dispersal trap!
The Orb Guardian blinks! x10; You blink.
The Orb Guardian blinks!
The Orb Guardian hits you.
You spin and attack the Orb Guardian repeatedly.
You hit the Orb Guardian but do no damage.
You hit the Orb Guardian.
The Orb Guardian is lightly wounded.
The Orb Guardian hits you!! The Orb Guardian misses you.
The Orb Guardian hits you!!
* * * LOW HITPOINT WARNING * * *
Your body deteriorates!
You feel clumsy. The Orb Guardian completely misses you.
You see here the Orb of Zot.
Unknown command.
You pick up the Orb of Zot!
The Orb lets out a hideous shriek!
The lords of Pandemonium are not amused.
Beware!
Now all you have to do is get back out of the dungeon!
You hear a shout!
You hear a chilling moan.
You hear a shout! x3
You hear a roar!
You hear a shout!
You hear a deafening roar!
An Orb Guardian comes into view.
The Orb Guardian completely misses you. The Orb Guardian hits you!!
You die...

... ...▓▓ .........▓▓ ..........▓
▓▓▓▓▓▓▓▓▓ ▓.........)
..........▓▓▓.......▓▓▓.....^....
........^.▓▓.........▓▓..........
..........▓.^...XX....▓..........
....X....§...X..@XX...X....*p....
........§§▓......X....▓..........
......^...▓▓....^....▓▓.X..^.L*D.
.....^....▓▓▓...§...▓▓▓.....°D..4
...2......# ▓▓▓▓▓▓▓▓▓ #........§.
....L....## ##.........
....y..▓## ##▓....... ....▓▓▓▓
▓▓▓▓.... ▓▓▓▓▓▓▓▓# #▓▓▓▓▓▓▓▓


You could see 7 Orb Guardians.

Vanquished Creatures
  A dread lich (Zot:5)
  2 orbs of fire (Zot:5)
  A juggernaut (Depths:1)
  the Lernaean hydra (Swamp:4)
  Xtahua (Depths:4)
  2 golden dragons (Zot:2)
  A curse toe (Zot:5)
  3 tentacled monstrosities
  10 Orb Guardians (Zot:5)
  A quicksilver dragon (Depths:4)
  Gastronok (D:11)
  2 death cobs
  3 storm dragons
  2 shadow dragons
  A fire giant (Depths:4)
  6 nagarajas (Snake:4)
  5 frost giants
  An iron dragon (Depths:4)
  A draconian knight (Zot:2)
  A draconian shifter (Zot:5)
  5 stone giants
  2 draconian annihilators
  2 very ugly things (Depths:3)
  3 green draconians
  Nessos (D:14)
  A purple draconian (Depths:4)
  3 red draconians
  2 white draconians
  2 spark wasps (Depths:3)
  2 bunyips
  6 ettins
  A yellow draconian (Zot:2)
  Snorg (Lair:5)
  A great orb of eyes (D:15)
  3 fire dragons
  Harold (D:10)
  An ice dragon (Depths:2)
  2 rakshasas (D:15)
  8 hydras
  3 centaur warriors
  7 naga warriors
  A catoblepas (Lair:5)
  An anaconda (Snake:4)
  4 boulder beetles
  7 alligators
  2 deep troll shamans (Depths:3)
  5 death yaks
  3 tengu warriors
  A deep troll earth mage (Depths:3)
  8 naga sharpshooters (Snake:4)
  Urug (Lair:5)
  A two-headed ogre (D:13)
  A vampire mage (Depths:3)
  A spriggan berserker (Depths:3)
  4 shock serpents (Snake:4)
  A skyshark (shapeshifter) (D:15)
  3 spriggans
  4 salamander mystics (Snake:4)
  A skyshark (Lair:5)
  A goliath frog (Swamp:1)
  An iron troll (Depths:3)
  5 deep trolls
  Lodul (D:11)
  A spriggan druid (Swamp:3)
  A skeletal warrior (D:8)
  9 swamp dragons (Swamp:4)
  A naga ritualist (Snake:4)
  2 lindwurms (Lair:5)
  8 orc knights (Orc:2)
  5 deep elf pyromancers
  4 mana vipers
  2 orc sorcerers (Orc:1)
  16 ugly things
  5 cyclopes
  4 manticores
  A worldbinder (Abyss:3)
  9 moths of wrath
  8 salamanders
  7 centaur zombies (D:12)
  13 naga magi
  17 elephants
  10 black mambas
  A gargoyle (D:8)
  Joseph (D:10)
  2 guardian serpents
  15 cane toads
  An unseen horror (D:11)
  A yaktaur (D:15)
  An efreet (Abyss:3)
  A rime drake (Lair:1)
  9 komodo dragons
  A freezing wraith (Abyss:3)
  A torpor snail (Lair:3)
  2 tengu conjurers (Depths:1)
  A red devil (D:12)
  8 trolls
  2 hornets
  A hellwing (Abyss:3)
  4 tyrant leeches
  7 blink frogs
  A harpy skeleton (Abyss:3)
  A slime creature (shapeshifter) (Depths:4)
  A large abomination (Abyss:3)
  3 raiju (Abyss:5)
  8 dream sheep (Lair:5)
  16 slime creatures
  A meliai zombie (D:12)
  8 shadows (D:12)
  A water elemental (D:14)
  5 vampires
  7 wyverns
  40 yaks
  2 neqoxecs
  5 basilisks
  9 wraiths
  2 vampire mosquitoes (D:12)
  5 swamp worms
  9 wargs
  An acid dragon (D:11)
  21 nagas
  2 steam dragons (D:9)
  9 water moccasins
  41 orc warriors
  2 ice beasts (D:8)
  4 black bears
  9 swamp drakes
  11 ogres
  4 wolves (Lair:3)
  A small abomination (Abyss:3)
  11 centaurs
  5 kobold brigands
  9 bullfrogs
  2 gnoll sergeants
  5 scorpions
  6 wights
  A water moccasin zombie (Ossuary)
  3 howler monkeys (D:7)
  2 electric eels
  17 orc priests
  A bullfrog zombie (Ossuary)
  3 jellies
  A sleepcap (D:5)
  6 hounds
  An iron imp (Abyss:3)
  3 iguanas
  5 hell rats (Lair:2)
  17 orc wizards
  2 mummies
  7 gnolls
  A river rat (Sewer)
  5 adders
  2 shadow imps (D:6)
  2 white imps
  3 worms
  3 dart slugs
  73 orcs
  8 endoplasms
  A giant cockroach (D:1)
  7 goblins
  3 hobgoblins
  20 jackals
  16 kobolds
  2 quokkas (D:1)
  5 ball pythons
  3 bats
  6 frilled lizards
  6 rats
844 creatures vanquished.

Vanquished Creatures (collateral kills)
  A hydra (D:13)
  2 naga warriors
  An orc knight (Orc:2)
  2 orc warriors
  3 centaurs (Bailey)
  3 orcs
12 creatures vanquished.

Vanquished Creatures (others)
  A black mamba (Snake:4)
  A yaktaur (D:15)
  6 dancing weapons
  A naga (Snake:4)
  An orc (D:15)
  A kobold (D:9)
  8 starspawn tentacles
19 creatures vanquished.

Grand Total: 875 creatures vanquished

Notes
Turn   | Place    | Note
-------+----------+-------------------------------------------
     0 | D:1      | dinky3 the Vampire Enchanter began the quest for the Orb.
     0 | D:1      | Reached XP level 1. HP: 13/13 MP: 3/3
   163 | D:1      | Reached XP level 2. HP: 15/20 MP: 5/5
   245 | D:2      | Reached skill level 1 in Fighting
   263 | D:2      | Learned a level 2 spell: Ensorcelled Hibernation
   288 | D:2      | Reached skill level 5 in Stealth
   544 | D:1      | Gained mutation: You are afflicted with vampirism and can
                  | become a bat while bloodless. [Vampire growth]
   544 | D:1      | Reached XP level 3. HP: 24/26 MP: 2/6
   594 | D:1      | Learned a level 3 spell: Confusing Touch
   776 | D:5      | Entered Level 5 of the Dungeon
   781 | D:4      | Reached XP level 4. HP: 33/33 MP: 4/7
   817 | D:4      | Reached skill level 5 in Hexes
   821 | D:4      | Noticed a black bear
   881 | D:4      | Noticed a scorpion
   888 | D:4      | Killed a scorpion
   889 | D:4      | Reached skill level 6 in Stealth
   889 | D:4      | Reached XP level 5. HP: 27/38 MP: 3/8
  1018 | D:4      | Killed a black bear
  1019 | D:4      | Reached XP level 6. HP: 46/46 MP: 6/9
  1067 | D:4      | Reached skill level 7 in Stealth
  1158 | D:5      | Learned a level 3 spell: Dazzling Flash
  1248 | D:5      | Reached XP level 7. HP: 38/52 MP: 1/10
  1277 | D:5      | Found a snail-covered altar of Cheibriados.
  1399 | D:6      | Found a blossoming altar of Fedhas.
  1425 | D:6      | Found a glowing drain.
  1452 | Sewer    | Entered a sewer
  1521 | Sewer    | Reached skill level 8 in Stealth
  1606 | Sewer    | Reached skill level 5 in Short Blades
  1825 | D:6      | Reached XP level 8. HP: 60/60 MP: 8/11
  1881 | D:6      | Noticed Duvessa
  1908 | D:6      | Noticed Dowan
  1950 | D:6      | Reached skill level 9 in Stealth
  1956 | D:6      | Duvessa changed into Duvessa the swamp drake
  1956 | D:6      | Noticed Duvessa
  1965 | D:6      | Killed Duvessa the swamp drake
  1967 | D:6      | Dowan changed into Dowan the hound
  1967 | D:6      | Noticed Dowan
  1977 | D:6      | Killed Dowan the hound
  2023 | D:7      | Found a sand-covered staircase.
  2027 | Ossuary  | Entered an ossuary
  2125 | D:7      | Reached skill level 5 in Fighting
  2148 | D:8      | Noticed a white ugly thing
  2197 | D:7      | Reached skill level 10 in Stealth
  2233 | D:6      | Reached XP level 9. HP: 57/68 MP: 3/12
  2451 | D:5      | Identified the amulet of Efrio {Acrobat Int+4}
  2554 | D:5      | Learned a level 3 spell: Tukima's Dance
  2766 | D:7      | Found a staircase to the Ecumenical Temple.
  2773 | Temple   | Entered the Ecumenical Temple
  2795 | Temple   | Became a worshipper of the Wu Jian Council
  2880 | D:8      | Reached skill level 11 in Stealth
  2880 | D:8      | Reached skill level 10 in Hexes
  3207 | D:8      | Noticed a cyclops
  3220 | D:8      | Killed a cyclops
  3221 | D:8      | Reached skill level 12 in Stealth
  3223 | D:8      | Identified the +5 quarterstaff of the Glimmering Gods
                  | {antimagic, Int+6}
  3291 | D:8      | Noticed a centaur warrior
  3294 | D:8      | Noticed a skeletal warrior
  3299 | D:8      | Noticed a gargoyle
  3302 | D:8      | Killed a centaur warrior
  3302 | D:8      | Reached * piety under Wu Jian
  3303 | D:8      | Reached XP level 10. HP: 45/59 MP: 13/13
  3304 | D:8      | Killed a skeletal warrior
  3307 | D:8      | Killed a gargoyle
  3308 | D:8      | Reached skill level 13 in Stealth
  3315 | D:8      | Identified the ring of Aclaxt {rF- rN+ EV+5 Int+3}
  3317 | D:8      | Noticed a cyclops
  3321 | D:8      | Killed a cyclops
  3322 | D:8      | Identified the ring of Kaolofok {Contam Fly EV+5 Str+2}
  3329 | D:8      | Noticed a deep elf pyromancer
  3332 | D:8      | Killed a deep elf pyromancer
  3337 | D:8      | Identified the amulet "Meirhoj" {rElec Regen+ Int+3}
  3529 | D:9      | Found a staircase to the Lair.
  3529 | D:9      | Noticed an elephant
  3534 | D:9      | Killed an elephant
  3535 | D:9      | Reached skill level 14 in Stealth
  3554 | D:9      | Reached skill level 10 in Short Blades
  3579 | Lair:1   | Entered Level 1 of the Lair of Beasts
  3632 | Lair:2   | Noticed a cane toad
  3635 | Lair:2   | Noticed a black mamba
  3638 | Lair:2   | Killed a black mamba
  3639 | Lair:2   | Reached XP level 11. HP: 64/64 MP: 14/14
  3689 | Lair:2   | Reached skill level 15 in Stealth
  3781 | Lair:3   | Noticed a death yak
  3784 | Lair:3   | Noticed a death yak
  3784 | Lair:3   | Noticed a death yak
  3784 | Lair:3   | Noticed a death yak
  3785 | Lair:3   | Killed a death yak
  3785 | Lair:3   | Reached ** piety under Wu Jian
  3787 | Lair:3   | Killed a death yak
  3807 | Lair:2   | Reached skill level 16 in Stealth
  3823 | Lair:2   | Reached skill level 15 in Hexes
  3962 | Lair:1   | Reached XP level 12. HP: 68/68 MP: 9/15
  3984 | Lair:1   | Reached skill level 17 in Stealth
  4217 | Lair:1   | You are sucked into a shaft and drop 1 floor!
  4288 | Lair:3   | Reached *** piety under Wu Jian
  4301 | Lair:3   | Noticed Etuanuguth's ghost (journeyman MeEE)
  4303 | Lair:3   | Noticed a minotaur
  4319 | Lair:3   | Found a runed translucent gate.
  4319 | Lair:3   | Found a runed translucent gate.
  4319 | Lair:3   | Found a runed translucent gate.
  4372 | Lair:3   | Learned a level 1 spell: Apportation
  4373 | Lair:3   | Found a staircase to the Snake Pit.
  4415 | Lair:3   | Reached skill level 1 in Translocations
  4563 | Lair:4   | Noticed an eight-headed hydra
  4633 | Lair:4   | Found a staircase to the Slime Pits.
  4633 | Lair:4   | Found a viscous altar of Jiyva.
  4652 | Lair:4   | Reached skill level 5 in Dodging
  4660 | Lair:4   | Reached skill level 18 in Stealth
  4668 | Lair:5   | Entered Level 5 of the Lair of Beasts
  4827 | Lair:5   | Noticed Josephine
  4909 | Lair:5   | Reached **** piety under Wu Jian
  4957 | Lair:5   | Noticed Snorg
  4962 | Lair:5   | Killed Snorg
  4963 | Lair:5   | Noticed an eight-headed hydra
  4969 | Lair:5   | Killed an eight-headed hydra
  4970 | Lair:5   | Reached XP level 13. HP: 76/76 MP: 14/19
  5211 | Lair:5   | Noticed Urug
  5228 | Lair:5   | Killed Urug
  5231 | Lair:5   | Reached skill level 5 in Spellcasting
  5233 | Lair:5   | Reached skill level 19 in Stealth
  5258 | Lair:5   | Identified the +4 orcbow of Heugapn {elec, rPois Int+6}
  5430 | Lair:3   | HP: 2/79 [Etuanuguth's ghost/blast of sand (6)]
  5656 | D:9      | Found a staircase to the Orcish Mines.
  5684 | Orc:1    | Entered Level 1 of the Orcish Mines
  5842 | Orc:1    | Found Let Viec's Gadget Gallery.
  5868 | Orc:1    | Reached ***** piety under Wu Jian
  5907 | Orc:2    | Entered Level 2 of the Orcish Mines
  6090 | Orc:2    | Found Hepp's General Store.
  6101 | Orc:2    | Identified a scroll of acquirement
  6337 | Orc:2    | Reached skill level 20 in Stealth
  6337 | Orc:2    | Reached XP level 14. HP: 84/84 MP: 2/23
  6349 | Orc:2    | Found Nets's Assorted Antiques.
  6393 | Orc:2    | Bought an ebony short sword for 280 gold pieces
  6393 | Orc:2    | Identified the +4 short sword "Itedd" {freeze, Drain rElec
                  | Dex+5} (You bought it in a shop on level 2 of the Orcish
                  | Mines)
  6467 | Orc:2    | Found Diocw's Antique Armour Shoppe.
  6469 | Orc:2    | Found Opalomat's Magic Scroll Shop.
  6474 | Orc:2    | Bought a scroll of blinking for 112 gold pieces
  6474 | Orc:2    | Bought a scroll of teleportation for 45 gold pieces
  6474 | Orc:2    | Bought a scroll of revelation for 112 gold pieces
  6474 | Orc:2    | Bought a scroll of teleportation for 45 gold pieces
  6474 | Orc:2    | Bought a scroll of fear for 60 gold pieces
  6474 | Orc:2    | Bought a scroll of fog for 60 gold pieces
  6483 | Orc:2    | Bought a glowing scarf for 264 gold pieces
  6562 | Orc:2    | Found Ogux's Antique Weapon Boutique.
  6576 | Orc:2    | Found a staircase to the Elven Halls.
  6635 | Orc:2    | Bought a scroll of vulnerability for 68 gold pieces
  6635 | Orc:2    | Bought a scroll of fear for 68 gold pieces
  6644 | Orc:2    | Bought a scroll of identify for 70 gold pieces
  6644 | Orc:2    | Bought a scroll of identify for 70 gold pieces
  6677 | Orc:2    | Bought a scroll of identify for 30 gold pieces
  6677 | Orc:2    | Bought a scroll of identify for 30 gold pieces
  6677 | Orc:2    | Bought a scroll of identify for 30 gold pieces
  6911 | D:10     | Entered Level 10 of the Dungeon
  6973 | D:10     | Found a flagged portal.
  6982 | Bailey   | Entered a bailey
  7130 | Bailey   | Reached ****** piety under Wu Jian
  7202 | D:10     | Found a portal to a secret trove of treasure.
  7284 | D:10     | Noticed Joseph
  7299 | D:10     | Killed Joseph
  7400 | D:10     | Noticed Harold
  7402 | D:10     | Killed Harold
  7644 | D:11     | Reached skill level 1 in Shields
  7813 | D:11     | Noticed Gastronok
  7815 | D:11     | Noticed Lodul
  7887 | D:11     | Killed Gastronok
  7931 | D:11     | Killed Lodul
  8209 | D:12     | Reached skill level 5 in Shields
  8466 | D:12     | Reached skill level 10 in Dodging
  8466 | D:12     | Reached skill level 21 in Stealth
  8542 | D:13     | Reached skill level 10 in Fighting
  8807 | D:13     | Got the Annotations on the Union
  9176 | Lair:2   | Found a staircase to the Swamp.
  9187 | Swamp:1  | Entered Level 1 of the Swamp
  9243 | Swamp:2  | Reached skill level 1 in Ice Magic
  9253 | Swamp:2  | Reached skill level 1 in Conjurations
  9253 | Swamp:2  | Reached XP level 15. HP: 92/92 MP: 24/24
  9387 | Swamp:4  | Entered Level 4 of the Swamp
  9499 | Swamp:4  | Acquired 716 gold pieces
  9526 | Swamp:4  | Noticed the 27-headed Lernaean hydra
  9532 | Swamp:4  | Killed the 27-headed Lernaean hydra
  9585 | Swamp:4  | Got a decaying rune of Zot
  9847 | Snake:1  | Entered Level 1 of the Snake Pit
  9851 | Snake:1  | Identified the +1 robe of the Abyss {Harm rPois Int-5}
  9936 | Snake:1  | Reached skill level 5 in Ice Magic
 10105 | Snake:4  | Entered Level 4 of the Snake Pit
 10256 | Snake:4  | Identified the +7 spear of Excruciating Pain {spect, rElec
                  | rN++ Will+ Dex-3}
 10328 | Snake:4  | Reached skill level 5 in Translocations
 10469 | Snake:4  | Noticed a nagaraja
 10485 | Snake:4  | Killed a nagaraja
 10488 | Snake:4  | Noticed a nagaraja
 10494 | Snake:4  | Noticed a nagaraja
 10769 | Snake:4  | Noticed a nagaraja
 10783 | Snake:4  | Killed a nagaraja
 10784 | Snake:4  | Reached XP level 16. HP: 99/99 MP: 10/28
 10850 | Snake:4  | Reached skill level 22 in Stealth
 11329 | Snake:4  | Got a serpentine rune of Zot
 11721 | D:9      | Found an ancient bone altar of Kikubaaqudgha.
 11721 | D:9      | Found a sparkling altar of Nemelex Xobeh.
 12028 | D:13     | Identified the ring of Zoostryo {rPois rC+ Will+ rCorr}
 12080 | D:14     | Noticed Nessos
 12088 | D:14     | Killed Nessos
 12102 | D:14     | Found a gate to the Vaults.
 12133 | D:15     | Entered Level 15 of the Dungeon
 12205 | D:15     | Learned a level 2 spell: Passwall
 12254 | D:15     | Reached skill level 1 in Transmutations
 12257 | D:15     | Reached skill level 1 in Earth Magic
 12505 | D:15     | Found a staircase to the Depths.
 12515 | Depths:1 | Entered Level 1 of the Depths
 12554 | Depths:1 | Noticed a juggernaut
 12567 | Depths:1 | Killed a juggernaut
 12568 | Depths:1 | Reached skill level 5 in Transmutations
 12588 | Depths:1 | Found the +27 heavy crossbow "Sniper" {heavy, Acc+∞ SInv}
 12609 | Depths:1 | Gained mutation: You occasionally lose the ability to drink
                  | potions when taking damage. [mutagenic glow]
 12629 | Depths:1 | Lost mutation: You occasionally lose the ability to drink
                  | potions when taking damage. [potion of mutation]
 12629 | Depths:1 | Gained mutation: You possess an exceptional clarity of
                  | mind. [potion of mutation]
 12629 | Depths:1 | Gained mutation: You are partially covered in iridescent
                  | scales. (AC +2) [potion of mutation]
 12753 | Depths:1 | Reached skill level 5 in Earth Magic
 13092 | Depths:2 | Noticed Sojobo
 13092 | Depths:2 | Noticed a tengu reaver
 13092 | Depths:2 | Noticed a tengu reaver
 13112 | Depths:3 | Found the +8 Wrath of Trog {antimagic, *Rage Rampage}
 13189 | Depths:3 | Found a transporter.
 13355 | Depths:4 | Entered Level 4 of the Depths
 13356 | Depths:4 | Noticed a quicksilver dragon
 13468 | Depths:3 | Reached XP level 17. HP: 105/105 MP: 18/29
 13563 | Depths:3 | Found a one-way gate to the infinite horrors of the Abyss.
 13567 | Depths:3 | Voluntarily entered the Abyss.
 13599 | Abyss:3  | Found a corrupted altar of Lugonu.
 13641 | Abyss:3  | Found a corrupted altar of Lugonu.
 13779 | Abyss:3  | Noticed a tentacled monstrosity
 13856 | Abyss:3  | Found a corrupted altar of Lugonu.
 13872 | Abyss:3  | Reached skill level 23 in Stealth
 13982 | Abyss:3  | Found a corrupted altar of Lugonu.
 14094 | Abyss:3  | Got an abyssal rune of Zot
 14255 | Abyss:5  | Found a corrupted altar of Lugonu.
 14259 | Depths:3 | Escaped the Abyss
 14282 | Depths:3 | Found a transporter.
 14341 | Depths:3 | Found Irhiv's Tremendous Tomes.
 14405 | Depths:4 | Found a gateway to Hell.
 14430 | Depths:4 | Noticed a tentacled monstrosity
 14439 | Depths:4 | Killed a tentacled monstrosity
 14498 | Depths:4 | Found a gate to the Realm of Zot.
 14625 | Depths:4 | Killed a quicksilver dragon
 14631 | Depths:4 | Noticed Xtahua
 14647 | Depths:4 | Killed Xtahua
 14686 | Depths:4 | HP: 1/106 [ettin/+0 dire flail (25)]
 14778 | Depths:4 | Reached skill level 24 in Stealth
 14848 | Depths:4 | Learned a level 7 spell: Enfeeble
 14854 | Depths:4 | Learned a level 5 spell: Yara's Violent Unravelling
 14859 | Zot:1    | Entered Level 1 of the Realm of Zot
 14871 | Zot:1    | Identified the +0 ring mail "Vietyang" {Rampage Str+2
                  | Int+3}
 14873 | Zot:1    | Noticed a tentacled monstrosity
 14885 | Zot:1    | Killed a tentacled monstrosity
 14902 | Zot:2    | Noticed a golden dragon
 14902 | Zot:2    | Noticed a golden dragon
 14903 | Zot:2    | Killed a golden dragon
 14903 | Zot:2    | Killed a golden dragon
 14951 | Zot:2    | Noticed a tentacled monstrosity
 14988 | Zot:2    | Killed a tentacled monstrosity
 15064 | Zot:3    | Acquired the +7 Spriggan's Knife {stab, EV+4 Stlth+}
 15064 | Zot:3    | Found the +7 Spriggan's Knife {stab, EV+4 Stlth+}
 15124 | Zot:3    | Noticed a quicksilver dragon
 15164 | Zot:5    | Entered Level 5 of the Realm of Zot
 15249 | Zot:5    | Noticed an Orb Guardian
 15249 | Zot:5    | Noticed an Orb Guardian
 15249 | Zot:5    | Noticed an Orb Guardian
 15254 | Zot:5    | Killed an Orb Guardian
 15256 | Zot:5    | Killed an Orb Guardian
 15260 | Zot:5    | Killed an Orb Guardian
 15264 | Zot:5    | Noticed an Orb Guardian
 15264 | Zot:5    | Noticed an Orb Guardian
 15272 | Zot:5    | Killed an Orb Guardian
 15289 | Zot:5    | Noticed an Orb Guardian
 15289 | Zot:5    | Noticed an Orb Guardian
 15296 | Zot:5    | Killed an Orb Guardian
 15297 | Zot:5    | Reached XP level 18. HP: 103/112 MP: 6/31
 15299 | Zot:5    | Killed an Orb Guardian
 15355 | Zot:5    | Noticed a dread lich
 15358 | Zot:5    | Killed a dread lich
 15362 | Zot:5    | Noticed an Orb Guardian
 15363 | Zot:5    | Noticed an Orb Guardian
 15364 | Zot:5    | Noticed an Orb Guardian
 15365 | Zot:5    | Noticed a golden dragon
 15366 | Zot:5    | Noticed a Killer Klown
 15367 | Zot:5    | Killed an Orb Guardian
 15367 | Zot:5    | Killed an Orb Guardian
 15368 | Zot:5    | Killed an Orb Guardian
 15371 | Zot:5    | Noticed a dread lich
 15373 | Zot:5    | Noticed an ancient lich
 15379 | Zot:5    | Noticed a curse toe
 15380 | Zot:5    | Noticed an electric golem
 15380 | Zot:5    | Noticed an orb of fire
 15382 | Zot:5    | Noticed a Brimstone Fiend
 15382 | Zot:5    | Noticed an orb of fire
 15385 | Zot:5    | Noticed an Orb Guardian
 15385 | Zot:5    | Gained mutation: You have hidden genetic defects. [an orb
                  | of fire]
 15386 | Zot:5    | Gained mutation: You have terrible hidden genetic defects.
                  | [an orb of fire]
 15386 | Zot:5    | Noticed an Orb Guardian
 15508 | Zot:5    | Killed a curse toe
 15556 | Zot:5    | Gained mutation: Your body sometimes deteriorates upon
                  | taking damage. [an orb of fire]
 15558 | Zot:5    | Gained mutation: Your magical capacity is low. (-10% MP)
                  | [an orb of fire]
 15568 | Zot:5    | Killed an orb of fire
 15694 | Zot:5    | Noticed a dread lich
 15696 | Zot:5    | Killed an orb of fire
 15697 | Zot:5    | Noticed a dread lich
 15698 | Zot:5    | Paralysed by a dread lich for 3 turns
 15733 | Zot:5    | Noticed an ancient lich
 15734 | Zot:5    | Noticed an orb of fire
 15924 | Zot:5    | Killed an Orb Guardian
 15985 | Zot:5    | Noticed a dread lich
 15985 | Zot:5    | Noticed an Orb Guardian
 15985 | Zot:5    | Noticed an Orb Guardian
 15985 | Zot:5    | Noticed an Orb Guardian
 15985 | Zot:5    | Noticed an Orb Guardian
 15985 | Zot:5    | Noticed an Orb Guardian
 15991 | Zot:5    | Noticed an Orb Guardian
 15992 | Zot:5    | Noticed an Orb Guardian
 15994 | Zot:5    | Got the Orb of Zot
 15994 | Zot:5    | Noticed an Orb Guardian
 15994 | Zot:5    | Slain by an Orb Guardian

Illustrated notes

Levels and vault maps discovered:
D:1:      ncdulo_wetmaze, layout_basic, serial_aquarium, aquarium_bridge_square
          [aquarium_subvault_bridge, aquarium_subvault_window,
          aquarium_subvault_wall, aquarium_subvault_window],
          aquarium_window_fake, aquarium_window_2, aquarium_view_2d,
          corexii_item_surrounded_by_moat, minmay_small_reverse_x
D:2:      layout_basic
D:3:      layout_rooms, lemuel_crystal_altar
D:4:      layout_layer_cave, led_sif_book, serial_shops, shop, bh_walls_and_bars
D:5:      layout_loops_corners, mainiacjoe_overflow_brackets, glass_columns_b,
          feat_on_display, uniq_ijyb
D:6:      layout_loops_ring, nicolae_overflow_crystal_walls,
          cheibrodos_sewer_entry_bend, uniq_duvessa
D:7:      layout_gridville, nicolae_vehumet_radiance,
          minmay_temple_entry_statues_fountains, nicolae_ossuary_entry_plus
D:8:      minmay_the_grid_triangle_9x9_rhombus_full
          [minmay_the_grid_triangle_9x9_minimal,
          minmay_the_grid_triangle_9x9_intruding_spiral,
          minmay_the_grid_triangle_9x9_empty,
          minmay_the_grid_triangle_9x9_dagger,
          minmay_the_grid_triangle_9x9_swiss_cheese,
          minmay_the_grid_triangle_9x9_corruption,
          minmay_the_grid_triangle_9x9_limited_checkers,
          minmay_the_grid_triangle_9x9_prize_special], layout_cave_pools,
          grunt_gozag_statues, minmay_holes, abandoned_shop, uniq_psyche
D:9:      layout_basic, grunt_dithmenos_shadows, jmf_multi_god_temple,
          david_lair_generic, erik_orc_2
D:10:     layout_stronghold, enter_bailey_3, nicolae_trove_entry_crossroad,
          hellmonk_guarded_unrand_gyre_and_gimble, uniq_joseph, uniq_harold
D:11:     layout_long_grid, uniq_lodul, uniq_gastronok
D:12:     layout_big_octagon, serial_undead, serial_undead_c, serial_undead_c,
          serial_undead_a, serial_undead_e, serial_undead_f, serial_undead_d,
          serial_undead_e, serial_undead_f, serial_undead_b, serial_undead_e,
          chequers_jeans, nicolae_where_there's_smoke
D:13:     layout_stronghold, portal_ice_cave_entry_animals_and_master
D:14:     layout_basic, erik_vaults_2, nicolae_figureground_sparkle, uniq_agnes,
          uniq_nessos
D:15:     gammafunk_enter_depths_forms, layout_irregular_city,
          minmay_misc_feat_rows
Temple:   nicolae_temple_figure_eight
Lair:1:   layout_roguey, nicolae_lair_liquid_snakes
Lair:2:   dragon1_lemuel, layout_cave_pods, minmay_swamp_entry_worms,
          infiniplex_staircase_pool, grunt_megastairs_2
Lair:3:   layout_misc_corridors, guppyfry_snake_entry_island,
          maelrawn_ghost_gauntlet_escape
Lair:4:   minmay_guarded_unrand_snakebite, layout_regular_city,
          minmay_slime_entry_pillars, lemuel_fruit_fields
Lair:5:   hangedman_lair_in_review, layout_cave_pods, uniq_urug, uniq_josephine,
          uniq_snorg
Swamp:1:  nicolae_swamp_long_stream, layout_basic_swamp, serial_swamp_ruin,
          evilmike_swamp_ruin_house_3, evilmike_swamp_ruin_house_1
Swamp:2:  layout_basic_swamp, hangedman_swamp_lotus, swamp_pool1
Swamp:3:  layout_basic_swamp, hangedman_swamp_ruin_wall, swamp_pool1,
          uniq_donald, uniq_bai_suzhen, uniq_kirke
Swamp:4:  swamp_old_school, layout_basic_swamp
Snake:1:  layout_grid_shapes
Snake:2:  layout_rooms, grunt_megastairs_1, uniq_vashnia
Snake:3:  layout_layer_cave, gammafunk_ghost_wrathful_warriors, serial_shops,
          shop, lemuel_fruit_tree, serial_bayou_shore_b
Snake:4:  snake_pit, layout_basic
Orc:1:    layout_diamond_mine, nicolae_shop_gadgets
Orc:2:    st_orc_town, layout_caves, serial_shops, shop
Depths:1: evilmike_horseshoe, layout_cave_shapes, hell_entry,
          rand_demon_pan_entry_1, grunt_decor_one_mirror,
          kilobyte_mutagenic_chamber
Depths:2: gammafunk_jiyva_shrine, layout_gridlike, enter_ziggurat_d,
          abyss_entry, pf_hell_entry_tar_river, roderic_lattice_a,
          rand_demon_pan_entry_3, minmay_staircase_bubble, uniq_grunn,
          uniq_sojobo
Depths:3: gammafunk_dig_for_victory, layout_honeycomb, serial_bayou_pond_a,
          abyss_entry_small_statue_room, lightli_too_deep, drop_trap,
          nicolae_shop_i_like_big_books
Depths:4: evilmike_zot_entry_argh, layout_twisted_cross, hell_entry,
          ashenzari_altar_1, rand_demon_pan_entry_7, uniq_xtahua
Zot:1:    layout_cathedral_of_symmetry
Zot:2:    layout_misc_corridors, zot_minivault_5
Zot:3:    layout_cellular_growth, grunt_megastairs_4
Zot:4:    layout_gridlike, hellmonk_ghost_big_iron
Zot:5:    layout_gridlike, hangedman_zot_diagonal_lockstep, bh_zot_ikea_curve

Skill      XL: |  1  2  3  4  5  6  7  8  9 10 11 12 13 14 15 16 17 18 |
---------------+-------------------------------------------------------+-----
Fighting       | 1 2 3 4 5 7 8 10 11 12 | 12.0
Stealth        | 5 6 7 8 10 12 14 16 18 20 21 22 24 | 24.2
Short Blades   | 2 3 4 5 6 8 10 12 | 12.0
Hexes          | 5 6 7 9 11 13 15 17 20 | 20.2
Dodging        | 6 8 10 11 12 13 | 13.5
Translocations | 3 4 5 |  5.0
Spellcasting   | 4 6 8 9 |  9.0
Shields        | 5 |  5.0
Ice Magic      | 1 6 |  6.0
Conjurations   | 1 4 |  4.0
Transmutations | 7 8 |  8.0
Earth Magic    | 6 |  6.0

Action                     |  1- 3 |  4- 6 |  7- 9 | 10-12 | 13-15 | 16-18 || total
---------------------------+-------+-------+-------+-------+-------+-------++-------
  Melee: Dagger            |   112 |    75 |   111 |    48 |   536 |   391 ||  1273
         Bite              |     8 |    10 |    22 |    32 |   126 |   141 ||   339
         Punch             |       |       |     2 |     2 |     9 |       ||    13
         Short sword       |       |       |   118 |   321 |   620 |   324 ||  1383
         Knife             |       |       |       |       |       |   115 ||   115
  Throw: Dart              |       |       |     1 |       |       |     2 ||     3
         Throwing net      |       |       |       |       |     1 |     5 ||     6
   Cast: Ensorcelled Hiber |     7 |    18 |    47 |    27 |   141 |    77 ||   317
         Confusing Touch   |       |     2 |     3 |     2 |    31 |     9 ||    47
         Dazzling Flash    |       |       |     3 |    40 |   107 |    79 ||   229
         Tukima's Dance    |       |       |     1 |       |    20 |    17 ||    38
         Apportation       |       |       |       |     5 |    87 |    46 ||   138
         Passwall          |       |       |       |       |       |    40 ||    40
         Enfeeble          |       |       |       |       |       |    12 ||    12
         Yara's Violent Un |       |       |       |       |       |     1 ||     1
 Invoke: Serpent's Lash    |       |       |       |     2 |    19 |    23 ||    44
         Heavenly Storm    |       |       |       |       |     1 |     1 ||     2
Ability: Lunge             |       |       |    10 |    36 |   122 |    69 ||   237
         Exsanguinate      |       |       |     1 |       |       |       ||     1
         Whirlwind         |       |       |       |   130 |   391 |   328 ||   849
         Wall Jump         |       |       |       |     5 |    12 |    22 ||    39
  Evoke: Wand              |       |       |     2 |     4 |    21 |    18 ||    45
         Phantom mirror    |       |       |       |       |     1 |     1 ||     2
    Use: Scroll            |     1 |     1 |     8 |    13 |    17 |    16 ||    56
         Potion            |     1 |       |     2 |     1 |     4 |    22 ||    30
   Stab: Sleeping          |    10 |    14 |    51 |    47 |   168 |   111 ||   401
         Invisible         |     6 |       |     5 |    77 |   128 |    73 ||   289
         Confused          |       |     2 |     3 |     1 |    28 |     8 ||    42
         Distracted        |       |       |     1 |       |     2 |     4 ||     7
         Petrifying        |       |       |       |       |     1 |       ||     1
         Petrified         |       |       |       |       |     1 |       ||     1
         Paralysed         |       |       |       |       |     1 |       ||     1
         Held in net/web   |       |       |       |       |       |     3 ||     3
 Armour: Robe              |    29 |    17 |    45 |     4 |       |       ||    95
         Steam dragon scal |       |       |       |    26 |    56 |       ||    82
         Troll leather arm |       |       |       |       |    94 |    96 ||   190
  Dodge: Dodged            |    92 |    54 |   127 |   184 |   824 |   534 ||  1815
  Block: Buckler           |       |       |       |       |   131 |   151 ||   282

Table legend: (Time is in decaauts)
 A = Elapsed time spent in this place.
 B = Non-inter-level travel time spent in this place.
 C = Inter-level travel time spent in this place.
 D = Time resting spent in this place.
 E = Time spent auto-exploring this place.
 F = Levels seen in this place.
 G = Mean time per level.
                   A        B        C        D        E       F      G
               +--------+--------+--------+--------+--------+-----+--------+
         Total |  15750 |  14110 |   1640 |     27 |      0 |  48 |  328.1 |
       Dungeon |   6242 |   5459 |    783 |      0 |      0 |  15 |  416.1 |
        Temple |     44 |      4 |     40 |      0 |      0 |   1 |   44.0 |
          Lair |   2290 |   1895 |    395 |      0 |      0 |   5 |  458.0 |
         Swamp |    600 |    534 |     66 |      0 |      0 |   4 |  150.0 |
     Snake Pit |   1632 |   1580 |     52 |      0 |      0 |   4 |  408.0 |
  Orcish Mines |   1027 |    827 |    200 |      0 |      0 |   2 |  513.5 |
        Depths |   1642 |   1572 |     70 |     10 |      0 |   4 |  410.5 |
           Zot |   1126 |   1092 |     34 |     17 |      0 |   5 |  225.2 |
         Abyss |    660 |    660 |      0 |      0 |      0 |   5 |  132.0 |
         Sewer |    271 |    271 |      0 |      0 |      0 |   1 |  271.0 |
       Ossuary |     28 |     28 |      0 |      0 |      0 |   1 |   28.0 |
        Bailey |    182 |    182 |      0 |      0 |      0 |   1 |  182.0 |
               +--------+--------+--------+--------+--------+-----+--------+

Top non-repeatable levels by time:
 Snake:4: 1162 daAuts
   Zot:5: 824 daAuts
   Orc:2: 672 daAuts
    D:11: 669 daAuts
    D:13: 605 daAuts
  Lair:5: 597 daAuts
     D:6: 587 daAuts
Depths:3: 548 daAuts
     D:8: 535 daAuts
  Lair:1: 526 daAuts
     D:5: 523 daAuts
    D:10: 512 daAuts
 Abyss:3: 503 daAuts
  Lair:3: 498 daAuts
Depths:4: 495 daAuts
